 Dungeon Crawl Stone Soup version 0.18-a0-1624-g19ad93e (webtiles) character file.

87 Oddball22 the Covered (level 4, 0/35 HPs)
             Began as a Demonspawn Fighter on Mar 24, 2016.
             Slain by a centaur
             ... wielding a +0 hand axe
              (9 damage)
             ... on level 3 of the Dungeon.
             The game lasted 00:03:43 (1742 turns).

Oddball22 the Covered (Demonspawn Fighter)          Turns: 1742, Time: 00:03:43

Health: 0/35       AC: 10    Str: 18    XL:     4   Next: 28%
Magic:  4/4        EV:  7    Int:  9    God:
Gold:   78         SH:  9    Dex: 12    Spells: 0 memorised, 3 levels left

rFire  . . .     SeeInvis .     a - +0 war axe
rCold  . . .     Gourm    .     b - +0 scale mail
rNeg   . . .     Faith    .     c - +0 shield
rPois  .         Spirit   .     (helmet restricted)
rElec  .         Dismiss  .     (no cloak)
rCorr  .         Reflect  .     (no gloves)
SustAt .         Harm     .     (no boots)
MR     .....                    (no amulet)
Stlth  ..........               (no ring)
                                (no ring)

@: not resistant to hostile enchantments, extremely unstealthy
A: antennae 1, iridescent scales 1, powered by death 1
a: no special abilities


You were on level 3 of the Dungeon.
You were very hungry.

You visited 1 branch of the dungeon, and saw 3 of its levels.

You collected 78 gold pieces.

Inventory:

Hand Weapons
 a - a +0 war axe (weapon)
Missiles
 m - 12 bolts
Armour
 b - a +0 scale mail (worn)
 c - a +0 shield (worn)
Scrolls
 e - a scroll of amnesia {unknown}
 i - 2 scrolls of blinking {unknown}
 j - 6 scrolls of identify {unknown}
 l - 3 scrolls of fog {unknown}
 n - a scroll of remove curse {unknown}
 r - a scroll of random uselessness {unknown}
Potions
 d - a potion of might
 g - a potion of flight {unknown}
 k - a potion of degeneration {unknown}
 o - a potion of brilliance {unknown}
Comestibles
 f - 2 bread rations
 h - a royal jelly
 p - a slice of pizza
 q - 2 fruits


   Skills:
 + Level 3.1 Fighting
 * Level 3.2 Axes
 + Level 3.2 Armour
 - Level 0.1 Dodging
 + Level 3.0 Shields


You had 3 spell levels left.
You didn't know any spells.

Dungeon Overview and Level Annotations

Branches:
Dungeon (3/15)

Altars:
Ashenzari
Nemelex Xobeh
Okawaru
Sif Muna
The Shining One


Innate Abilities, Weirdness & Mutations

You have a pair of small antennae on your head.
You are partially covered in iridescent scales (AC +4).
You regenerate a little health from kills.


Message History

The worm bites you.
You slash the centaur!
The centaur is almost dead.
You hit the worm.
The worm is severely wounded.
The centaur hits you with an uncursed hand axe.
* * * LOW HITPOINT WARNING * * *
The centaur closely misses you. The worm bites you but does no damage.
You hit the centaur but do no damage.
The centaur is almost dead.
You hit the worm.
The worm is almost dead.
The centaur closely misses you. You block the centaur's attack.
The worm closely misses you.
You hit the centaur.
The centaur is almost dead.
Your shield and scale mail prevent you from hitting the worm.
The worm is severely wounded.
The centaur hits you with an uncursed hand axe!
You die...

####### #.....#
#########.....#
......c@w.....#
####..._......#
#.......((###
#.......(..############
.......⌠..(.............
##...........###########
##........### #.%.._....
...........


You could see a centaur and a worm.

Vanquished Creatures
  3 adders (D:2)
  2 oozes
  A dart slug (D:1)
  A giant gecko (D:1)
  A ball python (D:1)
  2 giant cockroaches
  3 hobgoblins
  5 jackals
  5 kobolds
  3 bats (D:1)
  5 giant newts
  10 goblins
  4 rats
45 creatures vanquished.

Notes
Turn   | Place    | Note
--------------------------------------------------------------
     0 | D:1      | Oddball22 the Demonspawn Fighter began the quest for the Orb.
     0 | D:1      | Reached XP level 1. HP: 18/18 MP: 1/1
   264 | D:1      | Gained mutation: You regenerate a little health from kills. [demonic ancestry]
   264 | D:1      | Reached XP level 2. HP: 20/24 MP: 2/2
   678 | D:1      | Gained mutation: You are partially covered in iridescent scales (AC +4). [demonic ancestry]
   678 | D:1      | Reached XP level 3. HP: 26/29 MP: 3/3
   867 | D:2      | Found a sparkling altar of Nemelex Xobeh.
  1005 | D:2      | Found a glowing golden altar of the Shining One.
  1006 | D:2      | Found a shattered altar of Ashenzari.
  1387 | D:2      | Gained mutation: You have a pair of small antennae on your head. [demonic ancestry]
  1387 | D:2      | Reached XP level 4. HP: 32/35 MP: 4/4
  1542 | D:3      | Noticed a centaur
  1726 | D:3      | Found a deep blue altar of Sif Muna.
  1726 | D:3      | Found an iron altar of Okawaru.
  1742 | D:3      | Slain by a centaur

Vault maps used:
D:1:      dpeg_arrival_fog
D:2:      nemelex_xobeh_ov_fountains_minmay, gammafunk_temple_overflow_statue,
          first_bread, serial_bayou_lagoon_a, kennysheep_generic_room_4
D:3:      vehumet_crystals, grunt_temple_overflow_open

Skill      XL: |  1  2  3 |
---------------+----------+-----
Axes           | 2 3 |  3.2
Armour         | 3 |  3.2
Shields        | 3 |  3.0
Fighting       | |  3.1
Dodging        | |  0.1

Action                   |  1- 3 |  4- 6 || total
-------------------------+-------+-------++-------
Melee: War axe           |   161 |    22 ||   183
  Eat: Chunk             |     2 |       ||     2
